 Dungeon Crawl Stone Soup version 0.27-a0-1113-gb2b6fe9c5e (webtiles) character file.

Game seed: 432937699910692768

1563 Feb132020 the Magician (level 8, -2/37 HPs)
             Began as a Spriggan Venom Mage on May 1, 2021.
             Slain by a wyvern (20 damage)
             ... on level 7 of the Dungeon.
             The game lasted 00:43:38 (7956 turns).

Feb132020 the Magician (Spriggan Venom Mage)        Turns: 7956, Time: 00:43:39

Health: -2/37      AC:  2    Str: 10    XL:     8   Next: 58%
Magic:  12/19      EV: 19    Int: 17    God:
Gold:   70         SH:  0    Dex: 17    Spells: 15/21 levels left

rFire    . . .     SeeInvis +   B - +2 rapier (venom)
rCold    . . .     Faith    .   (shield restricted)
rNeg     . . .     Spirit   .   a - +0 robe
rPois    .         Reflect  .   (helmet restricted)
rElec    .         Harm     .   (no cloak)
rCorr    .         Rampage  .   (gloves unavailable)
Will     +....                  (boots unavailable)
Stlth    +++.......             (no amulet)
HPRegen  0.12/turn              d - +6 ring of strength
MPRegen  0.16/turn              (no ring)

@: very quick
A: very small, no large weapons, unfitting armour, see invisible, speed 3
a: no special abilities


You were on level 7 of the Dungeon.
You visited 1 branch of the dungeon, and saw 7 of its levels.
You also visited: Ossuary.

You collected 252 gold pieces.
You spent 182 gold pieces at shops.

Inventory:

Hand Weapons
 g - a +0 short sword
 m - a +0 dagger of venom
 B - a +2 rapier of venom (weapon)
Missiles
 e - 14 poisoned darts
 y - 5 atropa-tipped darts
Armour
 a - a +0 robe (worn)
Jewellery
 d - a +6 ring of strength (left hand)
 k - a ring of fire
Wands
 p - a wand of mindburst (13)
 u - a wand of iceblast (8)
 v - a wand of paralysis (5)
Scrolls
 c - a scroll of magic mapping {unknown}
 h - a scroll of blinking {unknown}
 n - 2 scrolls of identify
 o - a scroll of fear
 s - a scroll of noise {unknown}
 t - a scroll of enchant armour {unknown}
 w - a scroll of summoning {unknown}
 x - a scroll of amnesia
 z - a scroll of enchant weapon {unknown}
 C - a scroll of silence {unknown}
Potions
 f - a potion of might {unknown}
 i - 2 potions of cancellation
 j - a potion of flight {unknown}
 l - 2 potions of lignification
 q - a potion of curing {unknown}
 r - a potion of heal wounds {unknown}
 A - 2 potions of resistance


   Skills:
 + Level 1.4 Fighting
 + Level 3.3 Short Blades
 + Level 4.4 Dodging
 + Level 5.0 Stealth
 + Level 7.0 Spellcasting
 + Level 0.1 Conjurations
 + Level 4.2 Transmutations
 + Level 3.5 Air Magic
 + Level 6.1 Poison Magic


You had 15 spell levels left.
You knew the following spells:

 Your Spells              Type           Power      Damage    Failure   Level
a - Sting                 Tmut/Pois      92%        1d7       1%          1
b - Poisonous Vapours     Pois/Air       44%        N/A       2%          2
c - Mephitic Cloud        Conj/Pois/Air  17%        N/A       9%          3

Your spell library contained the following spells:

 Spells                   Type           Power      Damage    Failure   Level
 Ignite Poison            Fire/Tmut/Pois 17%        N/A       9%          3
 Olgreb's Toxic Radiance  Pois           27%        N/A       9%          4


Dungeon Overview and Level Annotations

Branches:
Dungeon (7/15)            Ossuary (visited)
 Temple: D:4-7

Altars:
Nemelex Xobeh
Okawaru
Ru
Xom
The Shining One

Shops:
D:5 *


Innate Abilities, Weirdness & Mutations

You are very small and have problems with some larger weapons.
You are too small for most types of armour.
You have supernaturally acute eyesight. (SInv)
You cover ground extremely quickly. (Speed+++)


Message History

A gnoll shaman comes into view. It is wielding a +0 club.
A jelly and an orc warrior come into view.
The orc warrior shouts!
A wight comes into view. It is wielding a +0 falchion.
An orc and a centaur come into view.
The kobold throws a poisoned dart.
The poisoned dart misses you.
Found a glowing golden altar of the Shining One.
As you read the scroll of fear, it crumbles to dust.
You assume a fearsome visage.
The necrophage is unaffected.
The gnoll shaman looks frightened!
The wight is unaffected.
The gnoll looks frightened!
The orc warrior looks frightened!
The orc looks frightened! x2; The kobold looks frightened!
The jelly looks frightened!
The jelly quivers.
The centaur looks frightened!
The centaur shouts!
You hear an angry hiss.
A gnoll sergeant comes into view. It is wielding a +1 spear of venom.
The centaur mumbles, "Damn and blast!"
An orc priest and a zombie come into view.
The orc priest shouts!
A hound comes into view.
As you read the scroll of teleportation, it crumbles to dust.
You feel strangely unstable.
Cornered, the centaur turns to fight!
A centaur zombie comes into view.
Cornered, the kobold turns to fight!
You hit the gnoll.
The gnoll is poisoned.
Your attack snaps the gnoll out of its fear.
The gnoll is heavily wounded.
The gnoll misses you.
You hit the gnoll.
You kill the gnoll!
Your surroundings suddenly seem different.
A wyvern comes into view.
You are too injured to fight recklessly!
The helpless wyvern fails to defend itself.
You puncture the wyvern!
The wyvern is poisoned.
The wyvern is severely wounded.
The wyvern closely misses you. The wyvern bites you!!
Ouch! That really hurt!
You die...

..
#.######
#......#
#......#
#......#
#......#
#l.....#
#.@....#
######.#


You could see a wyvern (very poisoned).

Vanquished Creatures
  An orc warrior (D:7)
  5 ogres
  A centaur (D:7)
  A kobold brigand (D:7)
  2 scorpions (D:5)
  2 howler monkeys
  2 bullfrog zombies (D:5)
  2 hounds (D:4)
  3 orc priests (D:4)
  A centaur skeleton (D:5)
  3 iguanas
  4 orc wizards
  5 gnolls
  5 adders
  An ufetubus (D:5)
  An adder zombie (D:5)
  5 worms
  4 dart slugs
  18 orcs
  8 ball pythons
  6 bats
  4 endoplasms
  2 giant cockroaches
  5 goblins
  3 hobgoblins (D:1)
  14 jackals
  6 kobolds
  2 quokkas
  3 frilled lizards
  6 hobgoblin zombies (Ossuary)
  A jackal zombie (Ossuary)
  10 kobold zombies (Ossuary)
  7 orc zombies (Ossuary)
  10 rats
  2 rat zombies (Ossuary)
155 creatures vanquished.

Vanquished Creatures (others)
  7 plants (D:6)
7 creatures vanquished.

Grand Total: 162 creatures vanquished

Notes
Turn   | Place    | Note
-------+----------+-------------------------------------------
     0 | D:1      | Feb132020 the Spriggan Venom Mage began the quest for the
                  | Orb.
     0 | D:1      | Reached XP level 1. HP: 9/9 MP: 5/5
   330 | D:1      | Reached XP level 2. HP: 13/13 MP: 2/6
   413 | D:1      | Learned a level 2 spell: Poisonous Vapours
   473 | D:1      | Found a faded altar of an unknown god.
   680 | D:1      | Reached skill level 3 in Spellcasting
  1213 | D:1      | Reached XP level 3. HP: 16/16 MP: 5/8
  2050 | D:2      | Found a sacrificial altar of Ru.
  2096 | D:2      | Learned a level 3 spell: Mephitic Cloud
  2208 | D:2      | Reached XP level 4. HP: 21/21 MP: 5/10
  2934 | D:3      | Reached skill level 1 in Air Magic
  3109 | D:3      | You fall into a shaft and drop 3 floors!
  3221 | D:6      | Noticed an ogre
  3265 | D:6      | Killed an ogre
  3266 | D:6      | Reached skill level 4 in Spellcasting
  3266 | D:6      | Reached XP level 5. HP: 17/24 MP: 4/12
  3338 | D:6      | Noticed an ogre
  3346 | D:5      | Entered Level 5 of the Dungeon
  3541 | D:4      | Found a sparkling altar of Nemelex Xobeh.
  3541 | D:4      | Found a shimmering altar of Xom.
  3541 | D:4      | Found a glowing golden altar of the Shining One.
  3548 | D:4      | Found a sand-covered staircase.
  3555 | Ossuary  | Entered an ossuary
  4674 | D:4      | Reached XP level 6. HP: 28/28 MP: 9/13
  4762 | D:4      | Reached skill level 1 in Short Blades
  5113 | D:4      | Found an iron altar of Okawaru.
  5739 | D:4      | Reached skill level 5 in Spellcasting
  5739 | D:4      | Reached XP level 7. HP: 32/32 MP: 8/15
  5848 | D:4      | Reached skill level 5 in Poison Magic
  6525 | D:5      | Reached skill level 6 in Spellcasting
  6770 | D:5      | Reached XP level 8. HP: 28/37 MP: 18/18
  7068 | D:5      | Found Leget's Assorted Antiques.
  7078 | D:5      | Bought a glowing rapier for 182 gold pieces
  7314 | D:5      | Reached skill level 1 in Fighting
  7940 | D:7      | Reached skill level 5 in Stealth
  7940 | D:7      | Reached skill level 7 in Spellcasting
  7946 | D:7      | Found a glowing golden altar of the Shining One.
  7956 | D:7      | Slain by a wyvern

Illustrated notes

Levels and vault maps discovered:
D:1:      onia_arrival_handbag, layout_basic,
          shapermc_ecumenical_altar_totnotflames, hex_medium, minmay_door_square
D:2:      layout_basic, basic_altar
D:3:      layout_basic, minivault_25, chequers_serial_rivers_micro_d
D:4:      kennysheep_six_static_rooms, layout_basic, marbit_many_paths,
          gammafunk_temple_overflow_forgotten, cheibrodos_sewer_entry_drain,
          nicolae_ossuary_entry_monument
D:5:      layout_rooms, serial_shops, shop, serial_park_tiny_1
D:6:      layout_layer_cave, minivault_19, minmay_misc_feat_rugged,
          serial_bayou_pond_b
D:7:      layout_basic, nicolae_overflow_hidden_temple, lemuel_round_altar,
          minmay_temple_entry_proselytizer, grunt_ministairs_14,
          minmay_ruined_shrine

Skill      XL: |  1  2  3  4  5  6  7  8 |
---------------+-------------------------+-----
Spellcasting   | 3 4 5 6 7 |  7.0
Transmutations | 2 3 4 |  4.2
Dodging        | 3 4 |  4.4
Air Magic      | 1 2 3 |  3.5
Poison Magic   | 4 5 6 |  6.1
Stealth        | 4 5 |  5.0
Short Blades   | 1 2 3 |  3.3
Fighting       | 1 |  1.4
Conjurations   | |  0.1

Action                   |  1- 3 |  4- 6 |  7- 9 || total
-------------------------+-------+-------+-------++-------
Melee: Unarmed           |     1 |       |       ||     1
       Short sword       |    19 |   150 |    59 ||   228
       Rapier            |       |       |    24 ||    24
 Cast: Sting             |    57 |    35 |    33 ||   125
       Poisonous Vapours |    11 |    49 |    37 ||    97
       Mephitic Cloud    |       |       |     4 ||     4
  Use: Scroll            |       |     1 |     8 ||     9
 Stab: Sleeping          |     1 |     8 |     1 ||    10
       Confused          |       |       |     4 ||     4
Armor: Robe              |     5 |    21 |     9 ||    35
Dodge: Dodged            |    33 |   140 |   117 ||   290

Table legend: (Time is in decaauts)
 A = Elapsed time spent in this place.
 B = Non-inter-level travel time spent in this place.
 C = Inter-level travel time spent in this place.
 D = Time resting spent in this place.
 E = Time spent auto-exploring this place.
 F = Levels seen in this place.
 G = Mean time per level.
                   A        B        C        D        E       F      G
               +--------+--------+--------+--------+--------+-----+--------+
         Total |   6468 |   6328 |    140 |    525 |   4419 |   8 |  808.5 |
       Dungeon |   5900 |   5760 |    140 |    523 |   4147 |   7 |  842.9 |
       Ossuary |    568 |    568 |      0 |      1 |    272 |   1 |  568.0 |
               +--------+--------+--------+--------+--------+-----+--------+

Top non-repeatable levels by time:
     D:5: 1276 daAuts
     D:1: 1254 daAuts
     D:4: 1172 daAuts
     D:2: 835 daAuts
     D:3: 653 daAuts
 Ossuary: 568 daAuts
     D:6: 396 daAuts
     D:7: 311 daAuts
